 Dungeon Sprint DCSS version 0.28.0-43-g3370ac3207 (webtiles) character file.

Game seed: 14866429622466134876

816 boopmooplesden the Carver (level 7, -32/78 HPs)
             Began as a Minotaur Berserker on Mar 28, 2022.
             Was a Priest of Trog.
             Killed from afar by a ynoxinul (46 damage)
             ... with an iron shot
             ... summoned by a kobold demonologist
             ... in the Dungeon (Sprint I: "Red Sonja").
             The game lasted 00:00:46 (586 turns).

boopmooplesden the Carver (Minotaur Berserker)       Turns: 586, Time: 00:00:46

Health: -32/78     AC:  3    Str: 22    XL:     7   Next: 62%
Magic:  6/6        EV: 14    Int:  4    God:    Trog [***...]
Gold:   270        SH:  0    Dex: 11    Spells: 6/6 levels left

rFire   . . .      SeeInvis .   a - +0 falchion
rCold   . . .      Faith    .   (no shield)
rNeg    . . .      Spirit   .   j - +0 leather armour
rPois   .          Reflect  .   (helmet restricted)
rElec   .          Harm     .   (no cloak)
rCorr   .          Rampage  .   (no gloves)
Will    .....      NoTele   +   (no boots)
Stlth   +.........              (no amulet)
HPRegen 0.23/turn               (no ring)
MPRegen 0.10/turn               (no ring)

@: on berserk cooldown, slowed, very slow
A: horns 2, retaliatory headbutt
a: Renounce Religion, Berserk, Trog's Hand


You were in the Dungeon.
You worshipped Trog.
Trog was most pleased with you.
You visited 1 branch You collected 270 gold pieces.

Inventory:

Hand Weapons
 a - a +0 falchion (weapon)
Armour
 b - a +0 animal skin
 j - a +0 leather armour (worn)
Wands
 i - a wand of polymorph (12)
Scrolls
 h - a scroll of blinking
Potions
 c - a potion of curing
 d - a potion of heal wounds
 e - a potion of haste
 f - 2 potions of magic
 g - a potion of berserk rage
 k - a potion of mutation {unknown}


   Skills:
 + Level 12.8 Fighting
 + Level 13.1 Long Blades
 + Level 6.7 Armour
 + Level 6.8 Dodging


You had 6 spell levels left.
You didn't know any spells.
Your spell library was empty.

Dungeon Overview and Level Annotations

Branches:
Dungeon (1/1)

Altars:
Makhleb
Xom
Jiyva
Lugonu


Innate Abilities, Weirdness & Mutations

You have a pair of horns on your head.
You reflexively headbutt those who attack you in melee.


Message History

You headbutt the ynoxinul!
The kobold demonologist hits you with a +0 dagger.
You hit the kobold demonologist. You headbutt the kobold demonologist!
The kobold demonologist is heavily wounded.
The ufetubus hits you but does no damage.
The ufetubus hits you. The ufetubus barely misses you. The ufetubus misses you.
The smoke demon completely misses you. You furiously retaliate!
You headbutt the smoke demon. The smoke demon misses you.
The smoke demon closely misses you. The ufetubus hits you. x2
The ufetubus closely misses you. You furiously retaliate!
You headbutt the ufetubus!
You kill the ufetubus!
The ufetubus disappears in a puff of smoke!
The ynoxinul hits you but does no damage.
The kobold demonologist looks satisfied for a moment.
You closely miss the kobold demonologist.
The kobold demonologist is heavily wounded.
The smoke demon barely misses you. The smoke demon hits you.
The smoke demon misses you. The ufetubus misses you.
The ufetubus barely misses you.
The kobold demonologist hits you with a +0 dagger.
The ynoxinul misses you.
You hit the kobold demonologist but do no damage.
The kobold demonologist is heavily wounded.
The ufetubus closely misses you. The ufetubus completely misses you.
The smoke demon gestures at you. Something smites you! The ufetubus hits you.
The ufetubus closely misses you.
The kobold demonologist hits you with a +0 dagger.
The ynoxinul closely misses you. You furiously retaliate!
You headbutt the ynoxinul. You hit the kobold demonologist.
The kobold demonologist is severely wounded.
The smoke demon gestures at you. Something smites you!
* * * LOW HITPOINT WARNING * * *
The ufetubus misses you. The ufetubus closely misses you.
The ynoxinul gestures at you. The iron shot hits you!!!
Ouch! That really hurt!
You die...

###################
..#..'..#__#..'.@3#
.)').#..'..'..#3K5#
#'#####+#__####.5.+
..# #### ##### ###


You could see a kobold demonologist, a smoke demon (summoned), a ynoxinul
(summoned) and 2 ufetubi.

Vanquished Creatures
  A kobold demonologist (D)
  A slime creature (D)
  Sigmund (D)
  A floating eye (D)
  An ogre (D)
  Ijyb (D)
6 creatures vanquished.

Notes
Turn   | Place    | Note
-------+----------+-------------------------------------------
     0 | D        | boopmooplesden the Minotaur Berserker began the quest for
                  | the Orb.
     0 | D        | Reached XP level 1. HP: 19/19 MP: 0/0
     1 | D        | Noticed Ijyb
     7 | D        | Killed Ijyb
     8 | D        | Reached skill level 5 in Fighting
     8 | D        | Reached skill level 5 in Long Blades
     8 | D        | Reached XP level 2. HP: 30/30 MP: 1/1
    64 | D        | Noticed an ogre
    67 | D        | Killed an ogre
    68 | D        | Reached skill level 7 in Long Blades
    68 | D        | Reached XP level 3. HP: 40/40 MP: 2/2
    68 | D        | Reached XP level 4. HP: 48/48 MP: 3/3
   366 | D        | Noticed Sigmund
   371 | D        | Killed Sigmund
   371 | D        | Reached ** piety under Trog
   372 | D        | Reached skill level 9 in Long Blades
   372 | D        | Reached skill level 5 in Armour
   372 | D        | Reached XP level 5. HP: 58/58 MP: 4/4
   418 | D        | Found a burning altar of Makhleb.
   418 | D        | Found a viscous altar of Jiyva.
   418 | D        | Found a shimmering altar of Xom.
   418 | D        | Found a corrupted altar of Lugonu.
   418 | D        | Noticed a slime creature
   423 | D        | Killed a slime creature
   424 | D        | Reached skill level 11 in Long Blades
   424 | D        | Reached skill level 5 in Dodging
   424 | D        | Reached XP level 6. HP: 68/68 MP: 5/5
   571 | D        | Noticed a kobold demonologist
   571 | D        | Noticed a floating eye
   572 | D        | Noticed a kobold demonologist
   577 | D        | Noticed a hellwing
   578 | D        | Killed a kobold demonologist
   579 | D        | Reached skill level 12 in Long Blades
   579 | D        | Reached XP level 7. HP: 78/78 MP: 6/6
   579 | D        | Noticed a ynoxinul
   579 | D        | Reached *** piety under Trog
   580 | D        | Reached skill level 13 in Long Blades
   582 | D        | Noticed a smoke demon
   586 | D        | Killed from afar by a ynoxinul

Illustrated notes

Levels and vault maps discovered:
D:        dungeon_sprint_1 [red_sonja_temple_1, red_sonja_temple_small_1]

Skill      XL: |  1  2  3  4  5  6  7 |
---------------+----------------------+-----
Fighting       | 5 7 9 11 12 | 12.8
Long Blades    | 5 7 9 11 12 13 | 13.1
Armour         | 3 4 5 6 |  6.7
Dodging        | 3 4 5 6 |  6.8

Action                   |  1- 3 |  4- 6 |  7- 9 || total
-------------------------+-------+-------+-------++-------
Melee: Falchion          |     7 |    11 |     7 ||    25
       Headbutt          |     1 |     1 |     1 ||     3
       Punch             |       |     1 |       ||     1
Invok: Berserk           |     2 |     3 |       ||     5
Armor: Leather armour    |       |       |     2 ||     2
Dodge: Dodged            |     4 |     5 |    20 ||    29
